 Dungeon Crawl Stone Soup version 0.25.0-1-g7eea58d (webtiles) character file.

Game seed: 2812516374360415793

102 Illumine the Skirmisher (level 4, -2/29 HPs)
             Began as a Gargoyle Fighter on June 17, 2020.
             Slain by Natasha (9 damage)
             ... on level 2 of the Dungeon on June 18, 2020.
             The game lasted 00:01:49 (1613 turns).

Illumine the Skirmisher (Gargoyle Fighter)          Turns: 1613, Time: 00:01:50

Health: -2/29      AC: 13    Str: 21    XL:     4   Next: 78%
Magic:  4/4        EV:  2    Int:  8    God:
Gold:   42         SH:  9    Dex:  9    Spells: 3/3 levels left

rFire    . . .     SeeInvis .   a - +0 flail
rCold    . . .     Gourm    .   c - +0 kite shield
rNeg     + . .     Faith    .   h - +0 chain mail
rPois    ∞         Spirit   .   (no helmet)
rElec    +         Reflect  .   (no cloak)
rCorr    .         Harm     .   (no gloves)
MR       .....                  (no boots)
Stlth    ..........             (no amulet)
HPRegen  0.09/turn              (no ring)
MPRegen  0.09/turn              (no ring)

@: mighty, constricted
A: negative energy resistance 1, electricity resistance, unbreathing,
petrification resistance, rot immunity, AC +3
a: no special abilities


You were on level 2 of the Dungeon.
You were hungry.

You visited 1 branch of the dungeon, and saw 2 of its levels.

You collected 42 gold pieces.

Inventory:

Hand Weapons
 a - a +0 flail (weapon)
Armour
 c - a +0 kite shield (worn)
 h - a +0 chain mail (worn)
Scrolls
 b - a scroll of fog {unknown}
 e - 3 scrolls of identify {unknown}
 g - 5 scrolls of remove curse {unknown}
 i - a scroll of noise {unknown}
 k - a scroll of random uselessness {unknown}
 l - a scroll of enchant weapon {unknown}
 m - a scroll of enchant armour {unknown}
 o - a scroll of teleportation {unknown}
Potions
 j - a potion of curing {unknown}
Comestibles
 f - 3 rations


   Skills:
 + Level 3.9 Fighting
 * Level 3.4 Maces & Flails
 + Level 3.9 Armour
 + Level 3.9 Shields


You had 3 spell levels left.
You didn't know any spells.
Your spell library was empty.

Dungeon Overview and Level Annotations

Branches:
Dungeon (2/15)

Altars:

Annotations:
D:2 Natasha


Innate Abilities, Weirdness & Mutations

You are resistant to torment.
Your stone body is resilient. (AC +3)
You are immune to poison.
You resist negative energy. (rN+)
You are resistant to electric shocks. (rElec)
You can survive without breathing.
You are immune to petrification.
You are immune to rotting.


Message History

The ball python bites you. The ball python constricts you.
Natasha claws you but does no damage.
The ball python bites you but does no damage.
The ball python constricts you.
You hit Natasha but do no damage.
Natasha is moderately wounded.
Natasha claws you but does no damage. You block the ball python's attack.
The ball python constricts you.
You closely miss Natasha.
Natasha is moderately wounded.
You block the ball python's attack. The ball python constricts you.
Natasha claws you. You block the ball python's attack.
The ball python constricts you. Natasha casts a spell at you.
The magic dart hits you.
* * * LOW HITPOINT WARNING * * *
You feel very mighty all of a sudden. You block the ball python's attack.
The ball python constricts you. Natasha claws you!
You die...

#######...
#........
#.......#
#.......#
#.......#
#.......#
#....hS.#
#....@..######.
#...........#..
#. ######......P.
♣♣ ..
#.####PP♣P.♣ ..
#÷# #.P♣.♣♣ ♣♣P.
#÷# #.PP♣P♣♣♣...
#.# ##....PP♣...#
#.# #..#P.♣♣P..#
#.###.###P..P..##


You could see Natasha (strong) and a ball python.

Vanquished Creatures
  Natasha (twice) (D:2)
  A leopard gecko (D:2)
  10 bats (D:1)
  2 giant cockroaches
  7 goblins (D:1)
  7 hobgoblins
  4 jackals (D:1)
  7 kobolds
  2 frilled lizards
  4 rats (D:1)
46 creatures vanquished.

Notes
Turn   | Place    | Note
-------+----------+-------------------------------------------
     0 | D:1      | Illumine the Gargoyle Fighter began the quest for the Orb.
     0 | D:1      | Reached XP level 1. HP: 14/14 MP: 1/1
   142 | D:1      | Reached XP level 2. HP: 19/19 MP: 2/2
   564 | D:1      | Reached XP level 3. HP: 22/23 MP: 3/3
  1339 | D:2      | Noticed Natasha
  1381 | D:2      | Killed Natasha
  1381 | D:2      | Reached XP level 4. HP: 4/29 MP: 4/4
  1543 | D:2      | Noticed Natasha
  1547 | D:2      | Killed Natasha
  1600 | D:2      | Noticed Natasha
  1613 | D:2      | Slain by Natasha

Illustrated notes

Levels and vault maps discovered:
D:1:      dpeg_arrival_round_c, layout_basic, minivault_14, minivault_25,
          glass_columns_c, minmay_bisected
D:2:      layout_basic, serial_forest, infiniplex_forest_lined_corner,
          infiniplex_forest_straight_5, infiniplex_forest_clump_cross,
          infiniplex_forest_straight_1, infiniplex_forest_lined_room_2,
          first_ration, chequers_ecumenical_altar_island, uniq_natasha

Skill      XL: |  1  2  3 |
---------------+----------+-----
Maces & Flails | 3 |  3.4
Fighting       | |  3.9
Armour         | |  3.9
Shields        | |  3.9

Action                   |  1- 3 |  4- 6 || total
-------------------------+-------+-------++-------
Melee: Flail             |   171 |     9 ||   180
  Use: Potion            |       |     2 ||     2
  Eat: Chunk             |     2 |       ||     2
Armor: Chain mail        |   175 |     7 ||   182
       Scale mail        |     4 |       ||     4
Dodge: Dodged            |    71 |       ||    71
Block: Kite shield       |   110 |     7 ||   117
